 Dungeon Crawl Stone Soup version 0.21.1-1-g345015f (webtiles) character file.

71 Fang the Skirmisher (level 4, 0/29 HPs)
             Began as a Gargoyle Berserker on June 12, 2018.
             Was a Believer of Trog.
             Slain by a worker ant (3 damage)
             ... on level 2 of the Dungeon.
             The game lasted 00:01:21 (1508 turns).

Fang the Skirmisher (Gargoyle Berserker)            Turns: 1508, Time: 00:01:22

Health: 0/29       AC:  5    Str: 22    XL:     4   Next: 24%
Magic:  4/4        EV: 12    Int:  7    God:    Trog [**....]
Gold:   111        SH:  0    Dex:  9    Spells: 3/3 levels left

rFire    . . .     SeeInvis .   a - +0 hand axe
rCold    . . .     Gourm    .   (no shield)
rNeg     + . .     Faith    .   b - +0 animal skin
rPois    ∞         Spirit   .   (no helmet)
rElec    +         Reflect  .   (no cloak)
rCorr    .         Harm     .   (no gloves)
MR       .....                  (no boots)
Stlth    +.........             (no amulet)
HPRegen  0.09/turn              (no ring)
MPRegen  0.09/turn              (no ring)

@: no status effects
A: negative energy resistance 1, electricity resistance, unbreathing,
petrification resistance, rot immunity, AC +3
a: Berserk, Trog's Hand, Burn Spellbooks, Renounce Religion


You were on level 2 of the Dungeon.
You worshipped Trog.
Trog was pleased with you.
You were very hungry.

You visited 1 branch of the dungeon, and saw 2 of its levels.

You collected 111 gold pieces.

Inventory:

Hand Weapons
 a - a +0 hand axe (weapon)
Armour
 b - a +0 animal skin (worn)
Scrolls
 d - a scroll of fog {unknown}
 e - 4 scrolls of identify {unknown}
 f - 2 scrolls of blinking {unknown}
 g - a scroll of enchant armour {unknown}
 j - a scroll of remove curse {unknown}
Potions
 h - 2 potions of curing {unknown}
Comestibles
 c - 2 rations


   Skills:
 + Level 4.0 Fighting
 + Level 3.6 Axes
 + Level 2.4 Armour
 + Level 1.9 Dodging


You had 3 spell levels left.
You didn't know any spells.

Dungeon Overview and Level Annotations

Branches:
Dungeon (2/15)

Altars:
Fedhas


Innate Abilities, Weirdness & Mutations

You are resistant to torment.
Your stone body is resilient. (AC +3)
You are immune to poison.
You resist negative energy. (rN+)
You are resistant to electric shocks. (rElec)
You can survive without breathing.
You are immune to petrification.
You are immune to rotting.


Message History

* * * LOW HITPOINT WARNING * * *
The worker ant closely misses you.
You closely miss the worker ant.
The worker ant is heavily wounded.
The worker ant misses you.
You closely miss the worker ant.
The worker ant is heavily wounded.
The worker ant closely misses you.
You hit the worker ant but do no damage.
The worker ant is heavily wounded.
The worker ant bites you.
* * * LOW HITPOINT WARNING * * *
The worker ant bites you but does no damage.
You closely miss the worker ant.
The worker ant is heavily wounded.
The worker ant misses you.
You hit the worker ant.
The worker ant is heavily wounded.
The worker ant bites you.
You die...

............##.# #.#.#
#.# ###.#....#+###.#
#.#.# #.#
.............#.# #.#.#
#.#
###.#.####.#+#.######.#.#
#.#
.........................
..#
###.#.####.....########.#
......................
###.#.####.....#########
#.#.# #......@a....?#
#.#(# #....########.#
###.#.# #.#+## ......# #.
###.### # ###[### .......
###.### #..


You could see a worker ant.

Vanquished Creatures
  2 adders (D:2)
  2 oozes (D:2)
  A worm (D:2)
  3 dart slugs (D:1)
  A leopard gecko (D:1)
  A giant cockroach (D:2)
  3 goblins (D:1)
  6 hobgoblins
  A quokka (D:2)
  A ball python (D:2)
  6 bats
  2 frilled lizards (D:1)
  4 kobolds
  5 rats
38 creatures vanquished.

Notes
Turn   | Place    | Note
-------+----------+-------------------------------------------
     0 | D:1      | Fang the Gargoyle Berserker began the quest for the Orb.
     0 | D:1      | Reached XP level 1. HP: 14/14 MP: 1/1
   191 | D:1      | Reached XP level 2. HP: 19/19 MP: 2/2
   384 | D:1      | Reached XP level 3. HP: 18/24 MP: 3/3
   389 | D:1      | Found a blossoming altar of Fedhas.
   392 | D:1      | Reached ** piety under Trog
   699 | D:2      | Reached skill level 4 in Fighting
  1035 | D:2      | Reached XP level 4. HP: 27/29 MP: 4/4
  1508 | D:2      | Slain by a worker ant

Skill      XL: |  1  2  3 |
---------------+----------+-----
Axes           | 3 |  3.6
Fighting       | 4 |  4.0
Armour         | |  2.4
Dodging        | |  1.9

Action                   |  1- 3 |  4- 6 || total
-------------------------+-------+-------++-------
Melee: Hand axe          |    97 |    32 ||   129
  Eat: Chunk             |       |     1 ||     1
Armor: Animal skin       |    29 |     7 ||    36
Dodge: Dodged            |    69 |    17 ||    86
